RedWings vs Wild

Created - Sunday, April 05, 2015 at 01:07

Goals
1 2 3 T
RedWings 0 1 0 1
Wild 0 2 1 3
Shots
1 2 3 T
RedWings 4 19 8 31
Wild 15 17 9 41

1st period

No Goal

Penalties :
Nick Leddy (Det) for Hooking (Minor) at 6:48, Nick Leddy (Det) for Tripping (Minor) at 16:51, Chris Neil (Min) for Holding (Minor) at 19:09

2nd period

1. RedWings , John-Michael Liles 5 (Justin Abdelkader, Jhonas Enroth) at 5:47 (PP)
2. Wild , Daniel Alfredsson 20 (Maxime Talbot) at 12:25 (PP)
3. Wild , Derek Stepan 16 (Marek Zidlicky, Thomas Vanek) at 16:47 (PP)

Penalties :
Chris Neil (Min) for Hooking (Minor) at 4:35, Alexandre Burrows (Min) for Hooking (Minor) at 6:27, Bryce Salvador (Min) for Holding (Minor) at 9:37, Jason Demers (Det) for Tripping (Minor) at 11:35, Jannik Hansen (Det) for Cross-checking (Minor) at 16:10, Devante Smith-Pelly (Det) for Elbowing (Minor) at 18:40

3rd period

4. Wild , Maxime Talbot 14 (Mark Streit, Jerred Smithson) at 19:51 (Empty Net)

Penalties :
Zac Rinaldo (Det) for Hooking (Minor) at 6:36

Goalie Stats

Jhonas Enroth (Det), 38 saves from 40 shots - (0.950), L, 1-10-1, 59:31 minutes
Antti Niemi (Min), 30 saves from 31 shots - (0.968), W, 42-16-5, 60:00 minutes

Players Stats for RedWings

Player Name              G  A  P  +/- PIM S  H  SB GA TA FO     MP     PP MP  PK MP  
------------------------------------------------------------------------------------
Alexei Emelin            0  0  0   0  0   2  4  1  1  2  0/0    24:48   4:07   6:09 
Beau Bennett             0  0  0   0  0   3  0  0  0  0  0/1    14:25   0:00   0:00 
Bryan Bickell            0  0  0   0  0   1  2  1  1  1  0/0    18:40   2:38   1:49 
Chris VandeVelde         0  0  0   0  0   1  0  0  0  1  5/6    14:25   0:00   0:00 
Damien Brunner           0  0  0   0  0   2  0  0  0  1  0/1    16:42   2:38   0:00 
Devante Smith-Pelly      0  0  0   0  2   6  2  0  0  1  1/1    15:46   0:25   0:00 
Jannik Hansen            0  0  0  -1  2   0  1  1  2  1  0/1    13:36   4:30   1:49 
Jason Demers             0  0  0   0  2   1  0  1  0  1  0/0    22:11   3:00   2:49 
Jesse Joensuu            0  0  0   0  0   0  0  0  0  0  0/0     6:14   0:00   0:00 
John-Michael Liles       1  0  1   0  0   5  1  3  3  3  0/0    22:36   3:01   3:13 
Johnny Boychuk           0  0  0   0  0   2  1  1  2  3  0/0    24:48   4:07   6:09 
Justin Abdelkader        0  1  1  -1  0   1  1  0  1  0  5/12   21:33   4:30   7:33 
Mike Angelidis           0  0  0   0  0   0  0  0  0  0  0/0     0:00   0:00   0:00 
Milan Michalek           0  0  0  -1  0   3  3  1  5  0  7/12   22:57   4:05   5:51 
Nick Leddy               0  0  0  -1  4   2  1  0  0  1  0/0    12:40   0:00   0:00 
Paul Postma              0  0  0  -1  0   0  0  1  0  0  0/0    13:00   0:00   0:24 
Zac Rinaldo              0  0  0   0  2   0  0  0  0  0  0/0     8:32   0:00   0:46 
Zenon Konopka            0  0  0   0  0   2  0  1  0  1  7/17   17:38   2:38   0:56 

Players Stats for Wild

Player Name              G  A  P  +/- PIM S  H  SB GA TA FO     MP     PP MP  PK MP  
------------------------------------------------------------------------------------
Alexandre Burrows        0  0  0   0  2   1  3  0  2  0  2/7    12:58   0:23   1:01 
Brad Marchand            0  0  0   0  0   0  0  0  0  1  0/0    15:56   3:51   1:38 
Bryce Salvador           0  0  0   1  2   1  0  1  1  1  0/0    16:44   0:23   4:10 
Chris Neil               0  0  0   0  4   0  0  1  1  0  0/1     8:52   0:00   0:00 
Cody Franson             0  0  0   0  0   0  4  1  0  1  0/0    21:09   3:49   2:17 
Dan Boyle                0  0  0   0  0   1  0  1  0  1  0/0    20:55   4:12   0:00 
Daniel Alfredsson        1  0  1   0  0   5  0  0  6  0  1/1    14:58   3:51   0:00 
Derek Stepan             1  0  1   0  0   2  1  1  1  0  9/14   17:17   5:08   0:00 
Drew Miller              0  0  0   1  0   1  0  0  0  0  0/0    14:22   0:00   4:36 
Jason Chimera            0  0  0   0  0   2  1  0  1  0  0/1    11:31   0:23   0:00 
Jerred Smithson          0  1  1   1  0   1  0  0  0  0  4/5    11:04   0:00   1:34 
Jordan Eberle            0  0  0   0  0   5  2  0  1  0  1/3    17:17   5:08   0:00 
Luke Schenn              0  0  0   0  0   10 1  0  0  0  0/0    19:49   5:10   2:17 
Marek Zidlicky           0  1  1   0  0   1  2  1  1  0  0/0    20:07   5:33   0:41 
Mark Streit              0  1  1   1  0   1  1  3  2  0  0/0    21:38   0:00   4:51 
Maxime Talbot            1  1  2   1  0   3  3  0  2  4  8/18   20:21   3:51   5:27 
Thomas Vanek             0  1  1   0  0   4  0  0  5  0  1/1    17:49   5:08   0:00 
Tuomo Ruutu              0  0  0   0  0   3  0  0  2  0  0/0    10:00   0:00   0:00 

3 Stars

1 - Maxime Talbot (Min)
2 - Antti Niemi (Min)
3 - Jhonas Enroth (Det)

Power Play

RedWings - 1 on 4 Attempt(s) - 25.00%
Wild - 2 on 6 Attempt(s) - 33.33%

Penalty Kill

RedWings - 4 on 6 Attempt(s) - 66.67% - Score 0 goal in Penalty Kill
Wild - 3 on 4 Attempt(s) - 75.00% - Score 0 goal in Penalty Kill

Team Stat

RedWings - Hits : 16 - Faceoff Wins : 25 - Blocked Shots : 11 - Penalty Minutes : 12
Wild - Hits : 18 - Faceoff Wins : 26 - Blocked Shots : 9 - Penalty Minutes : 8

Official

Referees : Unknown
Linesman : Unknown

Game Notes

Maxime Talbot has scored in a empty net!

Finance

Level 1 -- Attendance: 4080 (68.00%) -- Ticket Income $408,000
Level 2 -- Attendance: 3462 (69.24%) -- Ticket Income $207,720
Level 3 -- Attendance: 1436 (71.80%) -- Ticket Income $50,260
Level 4 -- Attendance: 3058 (76.45%) -- Ticket Income $61,160
Luxury Box -- Attendance: 739 (73.90%) -- Ticket Income $147,800
Game was played at the Xcel Energy Center'
Total Attendance: 12775 (70.97%)
Total Ticket Income: $874,940
Other Income: $428,721
Total Income: $1,303,661

RedWings

5 vs 5 Forward 
   Center                   Left Wing                Right Wing               Time % Phy DF OF 
 1 Justin Abdelkader        Milan Michalek           Jannik Hansen            35     1   2  2  
 2 Zenon Konopka            Bryan Bickell            Damien Brunner           30     1   2  2  
 3 Chris VandeVelde         Devante Smith-Pelly      Beau Bennett             22     1   2  2  
 4 Milan Michalek           Zac Rinaldo              Jesse Joensuu            13     1   2  2  

5 vs 5 Defense 
   Defense                  Defense                                           Time % Phy DF OF 
 1 Johnny Boychuk           Alexei Emelin                                     35     1   2  2  
 2 Jason Demers             John-Michael Liles                                30     1   2  2  
 3 Nick Leddy               Paul Postma                                       22     1   2  2  
 4 Johnny Boychuk           Alexei Emelin                                     13     1   2  2  

PowerPlay Forward 
   Center                   Left Wing                Right Wing               Time % Phy DF OF 
 1 Justin Abdelkader        Milan Michalek           Jannik Hansen            60     1   2  2  
 2 Zenon Konopka            Bryan Bickell            Damien Brunner           40     1   2  2  

PowerPlay Defense
   Defense                  Defense                                           Time % Phy DF OF 
 1 Johnny Boychuk           Alexei Emelin                                     60     1   2  2  
 2 Jason Demers             John-Michael Liles                                40     1   2  2  

Penalty Kill 4 Players Forward 
   Center                   Wing                     Time % Phy DF OF 
 1 Milan Michalek           Justin Abdelkader        60     1   2  2  
 2 Jannik Hansen            Bryan Bickell            40     1   2  2  

Penalty Kill 4 Players Defense
   Defense                  Defense                  Time % Phy DF OF 
 1 Johnny Boychuk           Alexei Emelin            60     1   2  2  
 2 Jason Demers             John-Michael Liles       40     1   2  2  

Penalty Kill - 3 Players Forward 
   Forward                                           Time % Phy DF OF 
 1 Milan Michalek                                    60     1   2  2  
 2 Justin Abdelkader                                 40     1   2  2  

Penalty Kill - 3 Players Defense
   Defense                  Defense                  Time % Phy DF OF 
 1 Johnny Boychuk           Alexei Emelin            60     1   2  2  
 2 Jason Demers             John-Michael Liles       40     1   2  2  

4 vs 4 Forward 
   Center                   Wing                     Time % Phy DF OF 
 1 Milan Michalek           Justin Abdelkader        60     1   2  2  
 2 Jannik Hansen            Bryan Bickell            40     1   2  2  

4 vs 4 Defense
   Defense                  Defense                  Time % Phy DF OF 
 1 Johnny Boychuk           Alexei Emelin            60     1   2  2  
 2 Jason Demers             John-Michael Liles       40     1   2  2  

Last Minutes Offensive
   Center                   Left Wing                Right Wing               Defense                  Defense                  
   Justin Abdelkader        Milan Michalek           Jannik Hansen            Johnny Boychuk           Alexei Emelin            

Last Minutes Defensive
   Center                   Left Wing                Right Wing               Defense                  Defense                  
   Justin Abdelkader        Milan Michalek           Jannik Hansen            Johnny Boychuk           Alexei Emelin            

Goaltenders
Starting : Jhonas Enroth            
Backup : Jonas Hiller             

Extra Forwards
Normal : Devante Smith-Pelly, Beau Bennett, Zac Rinaldo - PP : Devante Smith-Pelly, Beau Bennett - PK : Zac Rinaldo
Extra Defensemen
Normal : Nick Leddy, Paul Postma, Jason Demers - PP : Nick Leddy - PK : Paul Postma, Jason Demers
Penalty Shots
Milan Michalek, Justin Abdelkader, Jannik Hansen, Bryan Bickell, Damien Brunner

Wild

5 vs 5 Forward 
   Center                   Left Wing                Right Wing               Time % Phy DF OF 
 1 Derek Stepan             Thomas Vanek             Jordan Eberle            35     1   2  2  
 2 Alexandre Burrows        Jason Chimera            Daniel Alfredsson        30     1   2  2  
 3 Maxime Talbot            Brad Marchand            Tuomo Ruutu              22     1   2  2  
 4 Jerred Smithson          Drew Miller              Chris Neil               13     1   2  2  

5 vs 5 Defense 
   Defense                  Defense                                           Time % Phy DF OF 
 1 Mark Streit              Dan Boyle                                         35     1   2  2  
 2 Cody Franson             Marek Zidlicky                                    30     1   2  2  
 3 Bryce Salvador           Luke Schenn                                       22     1   2  2  
 4 Cody Franson             Dan Boyle                                         13     1   2  2  

PowerPlay Forward 
   Center                   Left Wing                Right Wing               Time % Phy DF OF 
 1 Derek Stepan             Thomas Vanek             Jordan Eberle            60     1   2  2  
 2 Maxime Talbot            Brad Marchand            Daniel Alfredsson        40     1   2  2  

PowerPlay Defense
   Defense                  Defense                                           Time % Phy DF OF 
 1 Marek Zidlicky           Luke Schenn                                       60     1   2  2  
 2 Dan Boyle                Cody Franson                                      40     1   2  2  

Penalty Kill 4 Players Forward 
   Center                   Wing                     Time % Phy DF OF 
 1 Maxime Talbot            Drew Miller              60     1   2  2  
 2 Jerred Smithson          Alexandre Burrows        40     1   2  2  

Penalty Kill 4 Players Defense
   Defense                  Defense                  Time % Phy DF OF 
 1 Bryce Salvador           Mark Streit              60     1   2  2  
 2 Luke Schenn              Cody Franson             40     1   2  2  

Penalty Kill - 3 Players Forward 
   Forward                                           Time % Phy DF OF 
 1 Drew Miller                                       60     1   2  2  
 2 Maxime Talbot                                     40     1   2  2  

Penalty Kill - 3 Players Defense
   Defense                  Defense                  Time % Phy DF OF 
 1 Bryce Salvador           Mark Streit              60     1   2  2  
 2 Luke Schenn              Cody Franson             40     1   2  2  

4 vs 4 Forward 
   Center                   Wing                     Time % Phy DF OF 
 1 Alexandre Burrows        Jason Chimera            60     1   2  2  
 2 Maxime Talbot            Tuomo Ruutu              40     1   2  2  

4 vs 4 Defense
   Defense                  Defense                  Time % Phy DF OF 
 1 Cody Franson             Mark Streit              60     1   2  2  
 2 Dan Boyle                Marek Zidlicky           40     1   2  2  

Last Minutes Offensive
   Center                   Left Wing                Right Wing               Defense                  Defense                  
   Derek Stepan             Thomas Vanek             Jordan Eberle            Luke Schenn              Dan Boyle                

Last Minutes Defensive
   Center                   Left Wing                Right Wing               Defense                  Defense                  
   Jerred Smithson          Drew Miller              Maxime Talbot            Bryce Salvador           Mark Streit              

Goaltenders
Starting : Antti Niemi              
Backup : Niklas Backstrom         

Extra Forwards
Normal : Brad Marchand, Thomas Vanek, Daniel Alfredsson - PP : Jason Chimera, Alexandre Burrows - PK : Brad Marchand
Extra Defensemen
Normal : Marek Zidlicky, Dan Boyle, Cody Franson - PP : Bryce Salvador - PK : Marek Zidlicky, Dan Boyle
Penalty Shots
Jordan Eberle, Tuomo Ruutu, Alexandre Burrows, Thomas Vanek, Daniel Alfredsson

% Time on Ice - RedWings

Lines # - Real PCT - Wanted PCT - Time Play
Normal Forward
1 - 19% - 35% - 7:56
2 - 33% - 30% - 14:13
3 - 34% - 22% - 14:25
4 - 15% - 13% - 6:14
Normal Defense
1 - 29% - 35% - 12:25
2 - 38% - 30% - 16:22
3 - 28% - 22% - 11:55
4 - 5% - 13% - 2:06
PP Forward
1 - 63% - 60% - 4:30
2 - 37% - 40% - 2:38
PP Defense
1 - 58% - 60% - 4:07
2 - 42% - 40% - 3:01
PK Forward
1 - 81% - 60% - 7:33
2 - 19% - 40% - 1:49
PK Defense
1 - 66% - 60% - 6:09
2 - 34% - 40% - 3:13
PK3 Forward
1 - 0% - 60%
2 - 0% - 40%
PK3 Defense
1 - 0% - 60%
2 - 0% - 40%
44 Forward
1 - 100% - 60% - 0:01
2 - 0% - 40% - 0:00
44 Defense
1 - 100% - 60% - 0:01
2 - 0% - 40% - 0:00
Last Minute Offensive  - 0:41
Last Minute Defensive  - 0:00
Total
Forward - 60:00
Defense - 60:00

% Time on Ice - Wild

Lines # - Real PCT - Wanted PCT - Time Play
Normal Forward
1 - 30% - 35% - 12:52
2 - 27% - 30% - 11:34
3 - 23% - 22% - 10:00
4 - 19% - 13% - 8:11
Normal Defense
1 - 41% - 35% - 17:25
2 - 32% - 30% - 13:43
3 - 24% - 22% - 10:09
4 - 3% - 13% - 1:20
PP Forward
1 - 59% - 60% - 5:31
2 - 41% - 40% - 3:51
PP Defense
1 - 55% - 60% - 5:10
2 - 45% - 40% - 4:12
PK Forward
1 - 78% - 60% - 5:34
2 - 22% - 40% - 1:34
PK Defense
1 - 68% - 60% - 4:51
2 - 32% - 40% - 2:17
PK3 Forward
1 - 0% - 60%
2 - 0% - 40%
PK3 Defense
1 - 0% - 60%
2 - 0% - 40%
44 Forward
1 - 100% - 60% - 0:01
2 - 0% - 40% - 0:00
44 Defense
1 - 0% - 60% - 0:00
2 - 100% - 40% - 0:01
Last Minute Offensive  - 0:00
Last Minute Defensive  - 0:52
Total
Forward - 60:00
Defense - 60:00

Play by Play

1st period


0:01 of 1st period - Justin Abdelkader wins face-off versus Jordan Eberle in neutral zone.
0:22 of 1st period - Wrist shot by Milan Michalek.
0:22 of 1st period - Stopped by Antti Niemi without a rebound.
0:23 of 1st period - Zenon Konopka wins face-off versus Alexandre Burrows in Wild zone.
0:36 of 1st period - Slapshot by Damien Brunner.
0:36 of 1st period - Shot Misses the Net.
1:53 of 1st period - Snap shot by Dan Boyle.
1:53 of 1st period - Shot Misses the Net.
2:12 of 1st period - Snap shot by Jordan Eberle.
2:12 of 1st period - Shot Misses the Net.
2:14 of 1st period - Slapshot by Mark Streit.
2:14 of 1st period - Deflect By Thomas Vanek.
2:14 of 1st period - Shot Blocked by John-Michael Liles.
2:14 of 1st period - Puck is out of play.
2:15 of 1st period - Milan Michalek wins face-off versus Jerred Smithson in RedWings zone.
2:40 of 1st period - Wrist shot by Milan Michalek.
2:40 of 1st period - Shot Misses the Net.
3:08 of 1st period - Nick Leddy is hit by Alexandre Burrows.
3:12 of 1st period - Paul Postma is hit by Alexandre Burrows and loses puck.
5:14 of 1st period - Cody Franson is hit by Justin Abdelkader and loses puck.
5:32 of 1st period - Alexei Emelin is hit by Marek Zidlicky and loses puck.
5:54 of 1st period - Off-side.
5:55 of 1st period - Alexandre Burrows wins face-off versus Zenon Konopka in neutral zone.
6:04 of 1st period - Snap shot by Jason Chimera.
6:04 of 1st period - Shot Blocked by Jason Demers.
6:46 of 1st period - Snap shot by Thomas Vanek.
6:46 of 1st period - Shot Misses the Net.
6:48 of 1st period - Minor Penalty to Nick Leddy for Hooking.
6:49 of 1st period - Milan Michalek wins face-off versus Derek Stepan in RedWings zone.
7:20 of 1st period - Slapshot by Thomas Vanek.
7:20 of 1st period - Shot Misses the Net.
7:52 of 1st period - Snap shot by Daniel Alfredsson.
7:52 of 1st period - Shot Misses the Net.
7:54 of 1st period - Snap shot by Daniel Alfredsson.
7:54 of 1st period - Stopped by Jhonas Enroth without a rebound.
7:55 of 1st period - Thomas Vanek wins face-off versus Jannik Hansen in RedWings zone.
8:08 of 1st period - Wrist shot by Thomas Vanek.
8:08 of 1st period - Stopped by Jhonas Enroth with a rebound.
8:10 of 1st period - Slapshot by Luke Schenn.
8:10 of 1st period - Stopped by Jhonas Enroth with a rebound.
8:12 of 1st period - Slapshot by Derek Stepan.
8:12 of 1st period - Shot Blocked by Jannik Hansen.
8:14 of 1st period - Slapshot by Luke Schenn.
8:14 of 1st period - Stopped by Jhonas Enroth with a rebound.
8:42 of 1st period - John-Michael Liles is hit by Cody Franson and loses puck.
8:48 of 1st period - Penalty to Nick Leddy is over, Nick Leddy is back on ice.
9:03 of 1st period - Nick Leddy is hit by Jordan Eberle and loses puck.
9:50 of 1st period - Snap shot by Chris Neil.
9:50 of 1st period - Shot Misses the Net.
9:52 of 1st period - Snap shot by Bryce Salvador.
9:52 of 1st period - Shot Blocked by Bryan Bickell.
9:54 of 1st period - Slapshot by Luke Schenn.
9:54 of 1st period - Stopped by Jhonas Enroth with a rebound.
9:56 of 1st period - Snap shot by Drew Miller.
9:56 of 1st period - Shot Misses the Net.
9:58 of 1st period - Slapshot by Luke Schenn.
9:58 of 1st period - Shot Misses the Net.
10:52 of 1st period - Brad Marchand is hit by Alexei Emelin and loses puck.
11:15 of 1st period - Snap shot by Tuomo Ruutu.
11:15 of 1st period - Stopped by Jhonas Enroth without a rebound.
11:16 of 1st period - Justin Abdelkader wins face-off versus Chris Neil in RedWings zone.
11:34 of 1st period - Luke Schenn is hit by Bryan Bickell and loses puck.
12:21 of 1st period - Tuomo Ruutu is hit by Devante Smith-Pelly and loses puck.
12:38 of 1st period - Wrist shot by Tuomo Ruutu.
12:38 of 1st period - Stopped by Jhonas Enroth with a rebound.
12:40 of 1st period - Wrist shot by Mark Streit.
12:40 of 1st period - Stopped by Jhonas Enroth without a rebound.
12:41 of 1st period - Derek Stepan wins face-off versus Milan Michalek in RedWings zone.
12:48 of 1st period - Jordan Eberle is hit by Johnny Boychuk and loses puck.
13:42 of 1st period - Slapshot by Luke Schenn.
13:42 of 1st period - Stopped by Jhonas Enroth with a rebound.
13:44 of 1st period - Slapshot by Luke Schenn.
13:44 of 1st period - Deflect By Johnny Boychuk.
13:44 of 1st period - Stopped by Jhonas Enroth with a rebound.
13:46 of 1st period - Slapshot by Bryce Salvador.
13:46 of 1st period - Shot Misses the Net.
13:48 of 1st period - Backhand shot by Bryce Salvador.
13:48 of 1st period - Shot Misses the Net.
13:50 of 1st period - Slapshot by Luke Schenn.
13:50 of 1st period - Stopped by Jhonas Enroth with a rebound.
13:52 of 1st period - Snap shot by Jerred Smithson.
13:52 of 1st period - Stopped by Jhonas Enroth with a rebound.
13:54 of 1st period - Wrist shot by Bryce Salvador.
13:54 of 1st period - Shot Misses the Net.
15:10 of 1st period - Snap shot by Daniel Alfredsson.
15:10 of 1st period - Stopped by Jhonas Enroth with a rebound.
15:27 of 1st period - Snap shot by Alexei Emelin.
15:27 of 1st period - Stopped by Antti Niemi with a rebound.
16:51 of 1st period - Minor Penalty to Nick Leddy for Tripping.
16:52 of 1st period - Milan Michalek wins face-off versus Maxime Talbot in RedWings zone.
17:05 of 1st period - Wrist shot by Daniel Alfredsson.
17:05 of 1st period - Stopped by Jhonas Enroth with a rebound.
17:07 of 1st period - Snap shot by Luke Schenn.
17:07 of 1st period - Stopped by Jhonas Enroth with a rebound.
17:41 of 1st period - John-Michael Liles is hit by Cody Franson and loses puck.
18:43 of 1st period - Luke Schenn is hit by Alexei Emelin and loses puck.
18:51 of 1st period - Penalty to Nick Leddy is over, Nick Leddy is back on ice.
19:06 of 1st period - Wrist shot by Bryan Bickell.
19:06 of 1st period - Stopped by Antti Niemi without a rebound.
19:07 of 1st period - Jerred Smithson wins face-off versus Damien Brunner in Wild zone.
19:09 of 1st period - Minor Penalty to Chris Neil for Holding.
19:10 of 1st period - Zenon Konopka wins face-off versus Maxime Talbot in Wild zone.
19:10 of 1st period - Wrist shot by Damien Brunner.
19:10 of 1st period - Stopped by Antti Niemi with a rebound.
19:12 of 1st period - Snap shot by Jason Demers.
19:12 of 1st period - Deflect By Damien Brunner.
19:12 of 1st period - Shot Misses the Net.
19:12 of 1st period - Puck is out of play.
19:13 of 1st period - Zenon Konopka wins face-off versus Maxime Talbot in Wild zone.
Goals for this period are 0 for RedWings vs 0 for Wild.
Shots for this period are 4 for RedWings vs 15 for Wild.

2nd period


0:01 of 2nd period - Maxime Talbot wins face-off versus Justin Abdelkader in neutral zone.
1:09 of 2nd period - Penalty to Chris Neil is over, Chris Neil is back on ice.
1:49 of 2nd period - Slapshot by Devante Smith-Pelly.
1:49 of 2nd period - Shot Misses the Net.
1:51 of 2nd period - Snap shot by Chris VandeVelde.
1:51 of 2nd period - Deflect By Devante Smith-Pelly.
1:51 of 2nd period - Stopped by Antti Niemi without a rebound.
1:52 of 2nd period - Derek Stepan wins face-off versus Chris VandeVelde in Wild zone.
1:59 of 2nd period - Wrist shot by Thomas Vanek.
1:59 of 2nd period - Stopped by Jhonas Enroth with a rebound.
2:01 of 2nd period - Slapshot by Derek Stepan.
2:01 of 2nd period - Shot Misses the Net.
2:48 of 2nd period - Jason Chimera is hit by Milan Michalek and loses puck.
3:09 of 2nd period - Snap shot by Daniel Alfredsson.
3:09 of 2nd period - Stopped by Jhonas Enroth with a rebound.
4:01 of 2nd period - Wrist shot by Bryce Salvador.
4:01 of 2nd period - Stopped by Jhonas Enroth with a rebound.
4:27 of 2nd period - Snap shot by Zenon Konopka.
4:27 of 2nd period - Stopped by Antti Niemi with a rebound.
4:29 of 2nd period - Slapshot by Alexei Emelin.
4:29 of 2nd period - Stopped by Antti Niemi with a rebound.
4:35 of 2nd period - Minor Penalty to Chris Neil for Hooking.
4:36 of 2nd period - Maxime Talbot wins face-off versus Justin Abdelkader in Wild zone.
4:46 of 2nd period - Slapshot by Johnny Boychuk.
4:46 of 2nd period - Stopped by Antti Niemi with a rebound.
4:48 of 2nd period - Slapshot by Johnny Boychuk.
4:48 of 2nd period - Shot Blocked by Bryce Salvador.
4:50 of 2nd period - Snap shot by Milan Michalek.
4:50 of 2nd period - Shot Misses the Net.
4:52 of 2nd period - Slapshot by Johnny Boychuk.
4:52 of 2nd period - Shot Misses the Net.
4:54 of 2nd period - Slapshot by Alexei Emelin.
4:54 of 2nd period - Shot Hit the Post.
5:08 of 2nd period - Johnny Boychuk is hit by Maxime Talbot and loses puck.
5:47 of 2nd period - Slapshot by John-Michael Liles.
5:47 of 2nd period - Goal by John-Michael Liles - RedWings : 1 - Wild : 0.
5:48 of 2nd period - Devante Smith-Pelly wins face-off versus Derek Stepan in neutral zone.
6:08 of 2nd period - Off-side.
6:09 of 2nd period - Daniel Alfredsson wins face-off versus Zenon Konopka in neutral zone.
6:22 of 2nd period - Snap shot by Damien Brunner.
6:22 of 2nd period - Stopped by Antti Niemi without a rebound.
6:23 of 2nd period - Zenon Konopka wins face-off versus Alexandre Burrows in Wild zone.
6:27 of 2nd period - Minor Penalty to Alexandre Burrows for Hooking.
6:28 of 2nd period - Maxime Talbot wins face-off versus Justin Abdelkader in Wild zone.
6:54 of 2nd period - Slapshot by Maxime Talbot.
6:54 of 2nd period - Shot Misses the Net.
7:04 of 2nd period - Snap shot by Jannik Hansen.
7:04 of 2nd period - Deflect By Milan Michalek.
7:04 of 2nd period - Shot Misses the Net.
7:04 of 2nd period - Puck is out of play.
7:05 of 2nd period - Zenon Konopka wins face-off versus Maxime Talbot in Wild zone.
7:20 of 2nd period - Slapshot by Jason Demers.
7:20 of 2nd period - Deflect By Drew Miller.
7:20 of 2nd period - Stopped by Antti Niemi without a rebound.
7:21 of 2nd period - Maxime Talbot wins face-off versus Zenon Konopka in Wild zone.
7:21 of 2nd period - Maxime Talbot is hit by Bryan Bickell.
7:39 of 2nd period - Slapshot by John-Michael Liles.
7:39 of 2nd period - Stopped by Antti Niemi without a rebound.
7:40 of 2nd period - Jerred Smithson wins face-off versus Justin Abdelkader in Wild zone.
7:40 of 2nd period - Jerred Smithson is hit by Milan Michalek.
8:00 of 2nd period - Bryce Salvador is hit by Jannik Hansen.
8:27 of 2nd period - Penalty to Alexandre Burrows is over, Alexandre Burrows is back on ice.
9:02 of 2nd period - Devante Smith-Pelly is hit by Mark Streit and loses puck.
9:13 of 2nd period - Slapshot by Jason Demers.
9:13 of 2nd period - Shot Misses the Net.
9:15 of 2nd period - Snap shot by Chris VandeVelde.
9:15 of 2nd period - Shot Blocked by Mark Streit.
9:37 of 2nd period - Minor Penalty to Bryce Salvador for Holding.
9:38 of 2nd period - Justin Abdelkader wins face-off versus Maxime Talbot in Wild zone.
9:39 of 2nd period - Snap shot by Milan Michalek.
9:39 of 2nd period - Stopped by Antti Niemi without a rebound.
9:40 of 2nd period - Milan Michalek wins face-off versus Maxime Talbot in Wild zone.
10:45 of 2nd period - Alexei Emelin is hit by Maxime Talbot and loses puck.
10:54 of 2nd period - Slapshot by Johnny Boychuk.
10:54 of 2nd period - Stopped by Antti Niemi without a rebound.
10:55 of 2nd period - Jerred Smithson wins face-off versus Justin Abdelkader in Wild zone.
11:35 of 2nd period - Minor Penalty to Jason Demers for Tripping.
11:36 of 2nd period - Milan Michalek wins face-off versus Alexandre Burrows in RedWings zone.
11:37 of 2nd period - Penalty to Bryce Salvador is over, Bryce Salvador is back on ice.
11:53 of 2nd period - Wrist shot by Alexandre Burrows.
11:53 of 2nd period - Shot Misses the Net.
11:55 of 2nd period - Snap shot by Jason Chimera.
11:55 of 2nd period - Stopped by Jhonas Enroth with a rebound.
11:57 of 2nd period - Wrist shot by Bryce Salvador.
11:57 of 2nd period - Shot Blocked by Milan Michalek.
11:59 of 2nd period - Snap shot by Alexandre Burrows.
11:59 of 2nd period - Stopped by Jhonas Enroth without a rebound.
12:00 of 2nd period - Derek Stepan wins face-off versus Milan Michalek in RedWings zone.
12:19 of 2nd period - Snap shot by Thomas Vanek.
12:19 of 2nd period - Stopped by Jhonas Enroth with a rebound.
12:21 of 2nd period - Slapshot by Marek Zidlicky.
12:21 of 2nd period - Stopped by Jhonas Enroth with a rebound.
12:23 of 2nd period - Slapshot by Luke Schenn.
12:23 of 2nd period - Stopped by Jhonas Enroth without a rebound.
12:24 of 2nd period - Maxime Talbot wins face-off versus Milan Michalek in RedWings zone.
12:25 of 2nd period - Slapshot by Daniel Alfredsson.
12:25 of 2nd period - Goal by Daniel Alfredsson - RedWings : 1 - Wild : 1.
12:26 of 2nd period - Derek Stepan wins face-off versus Zenon Konopka in neutral zone.
12:37 of 2nd period - Wrist shot by Derek Stepan.
12:37 of 2nd period - Deflect By Jordan Eberle.
12:37 of 2nd period - Stopped by Jhonas Enroth with a rebound.
14:42 of 2nd period - Snap shot by Devante Smith-Pelly.
14:42 of 2nd period - Shot Misses the Net.
14:52 of 2nd period - Slapshot by Nick Leddy.
14:52 of 2nd period - Shot Misses the Net.
14:54 of 2nd period - Snap shot by Devante Smith-Pelly.
14:54 of 2nd period - Deflect By Beau Bennett.
14:54 of 2nd period - Stopped by Antti Niemi without a rebound.
14:55 of 2nd period - Chris VandeVelde wins face-off versus Derek Stepan in Wild zone.
14:56 of 2nd period - Wrist shot by Devante Smith-Pelly.
14:56 of 2nd period - Stopped by Antti Niemi without a rebound.
14:57 of 2nd period - Chris VandeVelde wins face-off versus Derek Stepan in Wild zone.
15:14 of 2nd period - Snap shot by Devante Smith-Pelly.
15:14 of 2nd period - Shot Misses the Net.
15:16 of 2nd period - Slapshot by Nick Leddy.
15:16 of 2nd period - Deflect By Dan Boyle.
15:16 of 2nd period - Stopped by Antti Niemi with a rebound.
15:18 of 2nd period - Slapshot by Nick Leddy.
15:18 of 2nd period - Deflect By Jordan Eberle.
15:18 of 2nd period - Stopped by Antti Niemi with a rebound.
15:20 of 2nd period - Wrist shot by Nick Leddy.
15:20 of 2nd period - Shot Misses the Net.
15:22 of 2nd period - Wrist shot by Nick Leddy.
15:22 of 2nd period - Deflect By Beau Bennett.
15:22 of 2nd period - Stopped by Antti Niemi with a rebound.
15:24 of 2nd period - Snap shot by Paul Postma.
15:24 of 2nd period - Shot Blocked by Derek Stepan.
15:26 of 2nd period - Wrist shot by Chris VandeVelde.
15:26 of 2nd period - Shot Blocked by Dan Boyle.
15:28 of 2nd period - Wrist shot by Devante Smith-Pelly.
15:28 of 2nd period - Stopped by Antti Niemi without a rebound.
15:29 of 2nd period - Justin Abdelkader wins face-off versus Alexandre Burrows in Wild zone.
15:36 of 2nd period - Snap shot by Jannik Hansen.
15:36 of 2nd period - Shot Misses the Net.
15:44 of 2nd period - John-Michael Liles is hit by Alexandre Burrows and loses puck.
16:10 of 2nd period - Minor Penalty to Jannik Hansen for Cross-checking.
16:11 of 2nd period - Derek Stepan wins face-off versus Milan Michalek in RedWings zone.
16:27 of 2nd period - Snap shot by Jordan Eberle.
16:27 of 2nd period - Stopped by Jhonas Enroth with a rebound.
16:39 of 2nd period - Snap shot by Thomas Vanek.
16:39 of 2nd period - Shot Blocked by Johnny Boychuk.
16:41 of 2nd period - Slapshot by Luke Schenn.
16:41 of 2nd period - Stopped by Jhonas Enroth with a rebound.
16:43 of 2nd period - Snap shot by Thomas Vanek.
16:43 of 2nd period - Shot Misses the Net.
16:45 of 2nd period - Slapshot by Marek Zidlicky.
16:45 of 2nd period - Shot Blocked by Alexei Emelin.
16:47 of 2nd period - Snap shot by Derek Stepan.
16:47 of 2nd period - Goal by Derek Stepan - RedWings : 1 - Wild : 2.
16:48 of 2nd period - Alexandre Burrows wins face-off versus Zenon Konopka in neutral zone.
17:13 of 2nd period - Wrist shot by Jason Chimera.
17:13 of 2nd period - Stopped by Jhonas Enroth without a rebound.
17:14 of 2nd period - Chris VandeVelde wins face-off versus Derek Stepan in RedWings zone.
17:14 of 2nd period - Chris VandeVelde is hit by Cody Franson.
17:28 of 2nd period - Wrist shot by Jordan Eberle.
17:28 of 2nd period - Stopped by Jhonas Enroth with a rebound.
17:34 of 2nd period - Snap shot by Devante Smith-Pelly.
17:34 of 2nd period - Deflect By Derek Stepan.
17:34 of 2nd period - Stopped by Antti Niemi with a rebound.
17:36 of 2nd period - Slapshot by John-Michael Liles.
17:36 of 2nd period - Stopped by Antti Niemi with a rebound.
17:38 of 2nd period - Snap shot by Devante Smith-Pelly.
17:38 of 2nd period - Stopped by Antti Niemi with a rebound.
18:24 of 2nd period - Slapshot by Dan Boyle.
18:24 of 2nd period - Shot Misses the Net.
18:28 of 2nd period - Wrist shot by Tuomo Ruutu.
18:28 of 2nd period - Shot Blocked by John-Michael Liles.
18:30 of 2nd period - Snap shot by Maxime Talbot.
18:30 of 2nd period - Stopped by Jhonas Enroth with a rebound.
18:40 of 2nd period - Minor Penalty to Devante Smith-Pelly for Elbowing.
18:41 of 2nd period - Milan Michalek wins face-off versus Jordan Eberle in RedWings zone.
18:58 of 2nd period - Slapshot by Jordan Eberle.
18:58 of 2nd period - Stopped by Jhonas Enroth with a rebound.
19:59 of 2nd period - Cody Franson is hit by Alexei Emelin and loses puck.
Goals for this period are 1 for RedWings vs 2 for Wild.
Shots for this period are 19 for RedWings vs 17 for Wild.

3rd period


0:01 of 3rd period - Derek Stepan wins face-off versus Milan Michalek in neutral zone.
0:40 of 3rd period - Penalty to Devante Smith-Pelly is over, Devante Smith-Pelly is back on ice.
0:53 of 3rd period - Alexei Emelin is hit by Jason Chimera and loses puck.
2:38 of 3rd period - Slapshot by Beau Bennett.
2:38 of 3rd period - Shot Blocked by Cody Franson.
2:40 of 3rd period - Backhand shot by John-Michael Liles.
2:40 of 3rd period - Deflect By Marek Zidlicky.
2:40 of 3rd period - Stopped by Antti Niemi with a rebound.
2:50 of 3rd period - Jason Demers is hit by Marek Zidlicky and loses puck.
3:14 of 3rd period - Off-side.
3:15 of 3rd period - Derek Stepan wins face-off versus Zenon Konopka in neutral zone.
3:40 of 3rd period - Snap shot by Derek Stepan.
3:40 of 3rd period - Stopped by Jhonas Enroth with a rebound.
4:02 of 3rd period - Mark Streit is hit by Nick Leddy and loses puck.
4:23 of 3rd period - Off-side.
4:24 of 3rd period - Chris VandeVelde wins face-off versus Maxime Talbot in neutral zone.
4:45 of 3rd period - Chris VandeVelde is hit by Luke Schenn and loses puck.
4:54 of 3rd period - Maxime Talbot is hit by Devante Smith-Pelly and loses puck.
5:35 of 3rd period - Jerred Smithson is hit by Milan Michalek and loses puck.
6:12 of 3rd period - Wrist shot by Jordan Eberle.
6:12 of 3rd period - Stopped by Jhonas Enroth with a rebound.
6:24 of 3rd period - Snap shot by Jordan Eberle.
6:24 of 3rd period - Shot Blocked by John-Michael Liles.
6:26 of 3rd period - Wrist shot by Jordan Eberle.
6:26 of 3rd period - Shot Misses the Net.
6:36 of 3rd period - Minor Penalty to Zac Rinaldo for Hooking.
6:37 of 3rd period - Zenon Konopka wins face-off versus Maxime Talbot in RedWings zone.
7:19 of 3rd period - Snap shot by Justin Abdelkader.
7:19 of 3rd period - Stopped by Antti Niemi without a rebound.
7:20 of 3rd period - Derek Stepan wins face-off versus Zenon Konopka in Wild zone.
8:13 of 3rd period - Icing by Maxime Talbot.
8:14 of 3rd period - Milan Michalek wins face-off versus Maxime Talbot in Wild zone.
8:36 of 3rd period - Penalty to Zac Rinaldo is over, Zac Rinaldo is back on ice.
9:10 of 3rd period - Wrist shot by Beau Bennett.
9:10 of 3rd period - Deflect By Devante Smith-Pelly.
9:10 of 3rd period - Stopped by Antti Niemi with a rebound.
9:12 of 3rd period - Slapshot by Paul Postma.
9:12 of 3rd period - Shot Misses the Net.
9:24 of 3rd period - Wrist shot by Beau Bennett.
9:24 of 3rd period - Stopped by Antti Niemi with a rebound.
9:34 of 3rd period - Wrist shot by Chris VandeVelde.
9:34 of 3rd period - Stopped by Antti Niemi without a rebound.
9:35 of 3rd period - Zenon Konopka wins face-off versus Jason Chimera in Wild zone.
9:55 of 3rd period - Backhand shot by Alexei Emelin.
9:55 of 3rd period - Shot Blocked by Mark Streit.
9:57 of 3rd period - Slapshot by Zenon Konopka.
9:57 of 3rd period - Shot Misses the Net.
10:33 of 3rd period - Devante Smith-Pelly is hit by Maxime Talbot and loses puck.
10:55 of 3rd period - Milan Michalek is hit by Jordan Eberle and loses puck.
11:06 of 3rd period - Johnny Boychuk is hit by Derek Stepan and loses puck.
11:23 of 3rd period - Snap shot by Damien Brunner.
11:23 of 3rd period - Shot Misses the Net.
11:25 of 3rd period - Snap shot by Zenon Konopka.
11:25 of 3rd period - Stopped by Antti Niemi with a rebound.
11:29 of 3rd period - Snap shot by Damien Brunner.
11:29 of 3rd period - Shot Blocked by Mark Streit.
11:31 of 3rd period - Slapshot by John-Michael Liles.
11:31 of 3rd period - Stopped by Antti Niemi without a rebound.
11:32 of 3rd period - Jerred Smithson wins face-off versus Zenon Konopka in Wild zone.
12:09 of 3rd period - Slapshot by Justin Abdelkader.
12:09 of 3rd period - Shot Blocked by Chris Neil.
13:09 of 3rd period - Slapshot by Alexei Emelin.
13:09 of 3rd period - Shot Blocked by Marek Zidlicky.
13:47 of 3rd period - Jason Demers is hit by Cody Franson and loses puck.
14:00 of 3rd period - Snap shot by Damien Brunner.
14:00 of 3rd period - Shot Misses the Net.
14:54 of 3rd period - Snap shot by Daniel Alfredsson.
14:54 of 3rd period - Shot Misses the Net.
14:56 of 3rd period - Snap shot by Luke Schenn.
14:56 of 3rd period - Stopped by Jhonas Enroth with a rebound.
15:37 of 3rd period - Snap shot by Mark Streit.
15:37 of 3rd period - Shot Blocked by Paul Postma.
15:39 of 3rd period - Snap shot by Drew Miller.
15:39 of 3rd period - Stopped by Jhonas Enroth without a rebound.
15:40 of 3rd period - Maxime Talbot wins face-off versus Zenon Konopka in RedWings zone.
15:41 of 3rd period - Slapshot by Tuomo Ruutu.
15:41 of 3rd period - Stopped by Jhonas Enroth with a rebound.
15:43 of 3rd period - Wrist shot by Brad Marchand.
15:43 of 3rd period - Shot Blocked by Zenon Konopka.
16:03 of 3rd period - Snap shot by Dan Boyle.
16:03 of 3rd period - Deflect By Johnny Boychuk.
16:03 of 3rd period - Stopped by Jhonas Enroth without a rebound.
16:04 of 3rd period - Chris VandeVelde wins face-off versus Alexandre Burrows in RedWings zone.
16:25 of 3rd period - Icing by Chris VandeVelde.
16:26 of 3rd period - Jordan Eberle wins face-off versus Beau Bennett in RedWings zone.
16:35 of 3rd period - Thomas Vanek is hit by John-Michael Liles and loses puck.
17:00 of 3rd period - Snap shot by Thomas Vanek.
17:00 of 3rd period - Stopped by Jhonas Enroth with a rebound.
17:25 of 3rd period - Icing by Dan Boyle.
17:26 of 3rd period - Justin Abdelkader wins face-off versus Maxime Talbot in Wild zone.
17:27 of 3rd period - Wrist shot by Milan Michalek.
17:27 of 3rd period - Stopped by Antti Niemi without a rebound.
17:28 of 3rd period - Maxime Talbot wins face-off versus Justin Abdelkader in Wild zone.
19:10 of 3rd period - Slapshot by Maxime Talbot.
19:10 of 3rd period - Stopped by Jhonas Enroth without a rebound.
19:11 of 3rd period - Dan Bylsma call a timeout for RedWings.
19:11 of 3rd period - Maxime Talbot wins face-off versus Justin Abdelkader in RedWings zone.
19:22 of 3rd period - RedWings, Jhonas Enroth is pulled from the net.
19:51 of 3rd period - Wrist shot by Maxime Talbot.
19:51 of 3rd period - Goal by Maxime Talbot - RedWings : 1 - Wild : 3.
19:51 of 3rd period - Jhonas Enroth from RedWings was sent back in the game.
19:52 of 3rd period - Derek Stepan wins face-off versus Zenon Konopka in neutral zone.
19:52 of 3rd period - Derek Stepan is hit by Alexei Emelin.
Goals for this period are 0 for RedWings vs 1 for Wild.
Shots for this period are 8 for RedWings vs 9 for Wild.


Output by the SimonT Hockey Simulator (STHS) for Eric Dolegowski -- Original Page W3C XHTML 1.0 Valid
Hockey Simulator - Hockey Simulation - Hockey Manager